 Dungeon Sprint DCSS version 0.27-a0-46-g34d46f0a3f (webtiles) character file.

Game seed: 5993713833277274644

629 mhtbhm the Unseen (level 7, 0/37 HPs)
             Began as a Spriggan Brigand on Jan 7, 2021.
             Was an Initiate of Dithmenos.
             Slain by a smoke demon (7 damage)
             ... summoned by a kobold demonologist
             ... while paralysed by a floating eye
             ... in the Dungeon (Sprint I: "Red Sonja").
             The game lasted 00:01:47 (382 turns).

mhtbhm the Unseen (Spriggan Brigand)                 Turns: 382, Time: 00:01:48

Health: 0/37       AC:  3    Str:  7    XL:     7   Next: 23%
Magic:  8/8        EV:  4    Int: 13    God:    Dithmenos [......]
Gold:   405        SH:  0    Dex: 19    Spells: 6/6 levels left

rFire    . . .     SeeInvis +   a - +2 dagger
rCold    . . .     Faith    .   (shield restricted)
rNeg     . . .     Spirit   .   b - +0 robe
rPois    .         Reflect  .   (helmet restricted)
rElec    .         Harm     .   c - +0 cloak
rCorr    .         Rampage  .   (gloves unavailable)
Will     +....     NoTele   +   (boots unavailable)
Stlth    +++++++...             (no amulet)
HPRegen  0.12/turn              (no ring)
MPRegen  0.11/turn              (no ring)

@: paralysed, attractive, hasted, very quick
A: very small, unfitting armour, see invisible, speed 3
a: Renounce Religion


You were in the Dungeon.
You worshipped Dithmenos.
Dithmenos was noncommittal.
You visited 1 branch You collected 405 gold pieces.

Inventory:

Hand Weapons
 a - a +2 dagger (weapon)
Missiles
 d - 7 poisoned darts
 g - a curare-tipped dart (quivered)
Armour
 b - a +0 robe (worn)
 c - a +0 cloak (worn)
Wands
 e - a wand of digging (5)
Scrolls
 k - a scroll of blinking
Potions
 f - a potion of curing
 i - 2 potions of magic
 j - a potion of attraction


   Skills:
 + Level 3.9 Fighting
 + Level 5.5 Short Blades
 + Level 6.7 Throwing
 + Level 4.6 Dodging
 + Level 18.3 Stealth


You had 6 spell levels left.
You didn't know any spells.
Your spell library was empty.

Dungeon Overview and Level Annotations

Branches:
Dungeon (1/1)

Altars:
Cheibriados
Dithmenos
Elyvilon
Fedhas
Gozag
Hepliaklqana
Kikubaaqudgha
Makhleb
Nemelex Xobeh
Okawaru
Qazlal
Ru
Sif Muna
Trog
Uskayaw
Vehumet
Wu Jian
Xom
Yredelemnul
Zin
The Shining One
Jiyva
Lugonu

Shops:
D =


Innate Abilities, Weirdness & Mutations

You are very small and have problems with some larger weapons.
You are too small for most types of armour.
You have supernaturally acute eyesight. (SInv)
You cover ground extremely quickly.


Message History

The kobold demonologist is pulled toward you!
There is an open door here.
You are covered in liquid flames!
* * * LOW HITPOINT WARNING * * *
Unknown command.
You are covered in liquid flames!
The smoke demon is pulled toward you! The floating eye is pulled toward you!
You see here a ring mail.
The shadow imp is pulled toward you!
Unknown command.
The smoke demon is pulled toward you! The shadow imp is pulled toward you!
The floating eye is pulled toward you!
There is a shimmering blue altar of Sif Muna here.
Unknown command.
Press < or > to pray at altars.
You hit the smoke demon.
The smoke demon is moderately wounded.
The floating eye gazes piercingly through you!
You suddenly lose the ability to move!
The smoke demon hits you!
You die...

##########################
#<.#..'..#.)'..#__#4.'...#
#..'..#..'..#..5^5K..#...#
#..#####'#####'#__####K..+
#).####..#...#G#### ####
#.)#__####..##[#
#..#_____##'#53+
#⌠⌠#_.∩...'...@#
####_..__##_.#'#
#_____###+#)# ####### ###


You could see a smoke demon (summoned), a floating eye and 2 shadow imps.

Vanquished Creatures
  A slime creature (D)
  Sigmund (D)
  A yak (D)
  An ogre (D)
  A jelly (D)
  Ijyb (D)
6 creatures vanquished.

Notes
Turn   | Place    | Note
-------+----------+-------------------------------------------
     0 | D        | mhtbhm the Spriggan Brigand began the quest for the Orb.
     0 | D        | Reached XP level 1. HP: 10/10 MP: 2/2
     2 | D        | Noticed Ijyb
    33 | D        | Killed Ijyb
    34 | D        | Reached skill level 9 in Stealth
    34 | D        | Reached XP level 2. HP: 15/15 MP: 3/3
   175 | D        | Noticed an ogre
   191 | D        | Killed an ogre
   192 | D        | Reached skill level 12 in Stealth
   192 | D        | Reached XP level 3. HP: 19/19 MP: 4/4
   192 | D        | Reached XP level 4. HP: 23/23 MP: 5/5
   220 | D        | Noticed Sigmund
   223 | D        | Killed Sigmund
   224 | D        | Reached skill level 5 in Throwing
   224 | D        | Reached skill level 15 in Stealth
   224 | D        | Reached XP level 5. HP: 28/28 MP: 6/6
   237 | D        | Found an ornate altar of the Wu Jian Council.
   237 | D        | Found a shimmering blue altar of Sif Muna.
   239 | D        | Found a radiant altar of Vehumet.
   252 | D        | Reached XP level 6. HP: 32/32 MP: 7/7
   308 | D        | Found Vojoojy's Jewellery Emporium.
   308 | D        | Found an ancient bone altar of Kikubaaqudgha.
   308 | D        | Found a hazy altar of Hepliaklqana.
   308 | D        | Found a stormy altar of Qazlal.
   308 | D        | Found a hide-covered altar of Uskayaw.
   308 | D        | Found a blossoming altar of Fedhas.
   308 | D        | Found a bloodstained altar of Trog.
   308 | D        | Found an iron altar of Okawaru.
   308 | D        | Found a basalt altar of Yredelemnul.
   308 | D        | Found a glowing golden altar of the Shining One.
   308 | D        | Found a snail-covered altar of Cheibriados.
   308 | D        | Found a sacrificial altar of Ru.
   308 | D        | Found a glowing silver altar of Zin.
   308 | D        | Found a shadowy altar of Dithmenos.
   308 | D        | Found a white marble altar of Elyvilon.
   308 | D        | Noticed a yak
   309 | D        | Found an opulent altar of Gozag.
   310 | D        | Killed a yak
   311 | D        | Reached skill level 5 in Short Blades
   311 | D        | Reached skill level 17 in Stealth
   311 | D        | Found a sparkling altar of Nemelex Xobeh.
   319 | D        | Became a worshipper of Dithmenos the Shadowed
   337 | D        | Found a burning altar of Makhleb.
   337 | D        | Found a viscous altar of Jiyva.
   337 | D        | Found a shimmering altar of Xom.
   337 | D        | Found a corrupted altar of Lugonu.
   337 | D        | Noticed a slime creature
   340 | D        | Killed a slime creature
   341 | D        | Reached skill level 18 in Stealth
   341 | D        | Reached XP level 7. HP: 37/37 MP: 8/8
   354 | D        | Noticed a kobold demonologist
   355 | D        | Noticed a kobold demonologist
   358 | D        | Noticed a smoke demon
   358 | D        | Paralysed by a floating eye for 3 turns
   373 | D        | Noticed a hellwing
   382 | D        | Paralysed by a floating eye for 2 turns
   382 | D        | Slain by a smoke demon

Illustrated notes

Levels and vault maps discovered:
D:        dungeon_sprint_1 [red_sonja_temple_1, red_sonja_temple_small_1]

Skill      XL: |  1  2  3  4  5  6 |
---------------+-------------------+-----
Fighting       | 2 3 |  3.9
Dodging        | 2 3 4 |  4.6
Stealth        | 9 12 15 18 | 18.3
Short Blades   | 3 4 5 |  5.5
Throwing       | 4 5 6 |  6.7

Action                   |  1- 3 |  4- 6 |  7- 9 || total
-------------------------+-------+-------+-------++-------
Melee: Dagger            |    19 |     6 |    11 ||    36
Throw: Dart              |    11 |       |       ||    11
  Use: Potion            |     1 |     1 |     2 ||     4
 Stab: Sleeping          |       |     3 |       ||     3
Armor: Robe              |     2 |     1 |     3 ||     6
Dodge: Dodged            |     9 |     1 |    13 ||    23

Table legend: (Time is in decaauts)
 A = Elapsed time spent in this place.
 B = Non-inter-level travel time spent in this place.
 C = Inter-level travel time spent in this place.
 D = Time resting spent in this place.
 E = Time spent auto-exploring this place.
 F = Levels seen in this place.
 G = Mean time per level.
                   A        B        C        D        E       F      G
               +--------+--------+--------+--------+--------+-----+--------+
         Total |    320 |    320 |      0 |    142 |      0 |   1 |  320.0 |
       Dungeon |    320 |    320 |      0 |    142 |      0 |   1 |  320.0 |
               +--------+--------+--------+--------+--------+-----+--------+

Top non-repeatable levels by time:
       D: 320 daAuts
